 Dungeon Crawl Stone Soup version 0.28.0-43-g3370ac3207 (webtiles) character file.

Game seed: 13930713822115639261

89 fknight the Chopper (level 4, -18/41 HPs)
             Began as a Hill Orc Monk on Mar 2, 2022.
             Demolished by an ogre
             ... wielding a +0 giant spiked club
              (24 damage)
             ... on level 3 of the Dungeon.
             The game lasted 00:08:59 (2991 turns).

fknight the Chopper (Hill Orc Monk)                 Turns: 2991, Time: 00:09:00

Health: -18/41     AC:  6    Str: 15    XL:     4   Next: 55%
Magic:  4/4        EV: 10    Int: 10    God:
Gold:   130        SH:  0    Dex: 13    Spells: 3/3 levels left

rFire   + . .      SeeInvis .   a - +0 hand axe
rCold   . . .      Faith    .   (no shield)
rNeg    . . .      Spirit   .   m - +0 scale mail
rPois   .          Reflect  .   (no helmet)
rElec   .          Harm     +   k - scarf {harm}
rCorr   .          Rampage  .   (no gloves)
Will    .....                   (no boots)
Stlth   +.........              (no amulet)
HPRegen 0.13/turn               e - ring of protection from fire
MPRegen 0.09/turn               (no ring)

@: no status effects
A: no striking features
a: no special abilities


You were on level 3 of the Dungeon.
You visited 1 branch of the dungeon, and saw 3 of its levels.

You collected 130 gold pieces.

Inventory:

Hand Weapons
 a - a +0 hand axe (weapon)
 c - a +0 spear
 f - a +0 short sword of freezing
 h - a +0 hunting sling
Missiles
 b - 7 poisoned darts
 g - 69 stones (quivered)
 n - 5 curare-tipped darts
Armour
 k - a scarf of harm (worn)
 m - a +0 scale mail (worn)
Jewellery
 e - a ring of protection from fire (left hand)
Scrolls
 d - a scroll of enchant armour {unknown}
Potions
 i - a potion of ambrosia {unknown}
 l - 2 potions of mutation {unknown}


   Skills:
 + Level 4.4 Fighting
 + Level 4.8 Axes
 + Level 3.0 Dodging
 + Level 2.4 Stealth


You had 3 spell levels left.
You didn't know any spells.
Your spell library contained the following spells:

 Spells                   Type           Power      Damage    Failure   Level
 Animate Skeleton         Necr           0%         N/A       85%         1
 Pain                     Necr           0%         1d4       85%         1
 Vampiric Draining        Necr           0%         2d6       99%         3


Dungeon Overview and Level Annotations

Branches:
Dungeon (3/15)

Altars:


Message History

An orc comes into view. It is wielding a +0 flail.
The orc shouts!
You hear a shout!
The orc moves out of view.
Found a stone staircase leading down.
An ogre comes into view. It is wielding a +0 giant spiked club.
The orc barely misses you.
You see here 19 stones.
You throw a stone. The stone hits the orc.
The orc is lightly wounded.
The orc closely misses you. The orc hits you with a +0 flail.
The orc misses you.
You completely miss the orc. The orc barely misses you.
You hit the orc.
The orc is lightly wounded.
The orc hits you but does no damage.
You barely miss the orc.
The orc is lightly wounded.
The orc hits you but does no damage.
You closely miss the orc.
The orc is lightly wounded.
The orc misses you.
You barely miss the orc.
The orc is lightly wounded.
The orc hits you but does no damage.
You hit the orc.
The orc is severely wounded.
The orc closely misses you.
You hit the orc.
You kill the orc!
You hit the ogre.
The ogre is moderately wounded.
The ogre hits you with a +0 giant spiked club!!
Ouch! That really hurt!
* * * LOW HITPOINT WARNING * * *
You hit the ogre.
The ogre is moderately wounded.
The ogre hits you with a +0 giant spiked club!!
Ouch! That really hurt!
You die...

.....÷.....÷...####......#
.).....###.#..........##.# ..
.......# #.#.########## .###..
.......# #.#........ ....>.
...#<..###.#..##########......
.......................#......
..............########.#......
...........#..######..........
###.............@O....(.......
#........#########.....####.
#........# #.....#
#........####### ###.#.#
######.#........ #.#...
#.#.####### #.##### #.#.# ..#
#.#.# #.# #.#.# #.#


You could see an ogre.

Vanquished Creatures
  2 adders (D:3)
  A worm (D:2)
  A dart slug (D:2)
  4 orcs (D:3)
  3 ball pythons
  7 bats
  4 endoplasms
  2 giant cockroaches
  10 goblins
  6 hobgoblins
  2 jackals (D:3)
  A quokka (D:1)
  A frilled lizard (D:1)
  6 kobolds
  5 rats
55 creatures vanquished.

Notes
Turn   | Place    | Note
-------+----------+-------------------------------------------
     0 | D:1      | fknight the Hill Orc Monk began the quest for the Orb.
     0 | D:1      | Reached XP level 1. HP: 19/19 MP: 1/1
   175 | D:1      | Reached XP level 2. HP: 27/27 MP: 2/2
   720 | D:1      | Reached XP level 3. HP: 33/33 MP: 3/3
  1538 | D:2      | Found a faded altar of an unknown god.
  2014 | D:3      | Reached XP level 4. HP: 4/40 MP: 4/4
  2972 | D:3      | Noticed an ogre
  2991 | D:3      | Demolished by an ogre

Illustrated notes

Levels and vault maps discovered:
D:1:      wheals_arrival_linesprint, layout_basic, serial_corexii_hall,
          chequers_hall_statues_corner_a, chequers_hall_statues_wall_a,
          minmay_pentomino_z2
D:2:      layout_loops_ring, hellmonk_ecumenical_altar_arch_garden,
          minmay_misc_feat_diagonals
D:3:      layout_basic, minivault_27

Skill      XL: |  1  2  3  4 |
---------------+-------------+-----
Stealth        | 2 |  2.4
Fighting       | 4 |  4.4
Dodging        | 3 |  3.0
Axes           | |  4.8

Action                   |  1- 3 |  4- 6 || total
-------------------------+-------+-------++-------
Melee: Hand axe          |   113 |    49 ||   162
       Punch             |     1 |       ||     1
 Fire: Hunting sling     |    38 |     8 ||    46
Throw: Stone             |    14 |    12 ||    26
  Use: Scroll            |     3 |     1 ||     4
 Stab: Sleeping          |     1 |       ||     1
Armor: Robe              |    25 |       ||    25
       Scale mail        |    11 |    16 ||    27
Dodge: Dodged            |    71 |    32 ||   103
